 Dungeon Crawl Stone Soup version 0.28.0-43-g3370ac3207 (webtiles) character file.

Game seed: 15466496880835070092

749 CrazyMind the Chopper (level 7, -2/62 HPs)
             Began as a Deep Dwarf Fighter on Feb 28, 2022.
             Was a Follower of Makhleb.
             Slain by an ogre
             ... wielding a +0 giant spiked club
              (13 damage)
             ... on level 5 of the Dungeon.
             The game lasted 00:34:07 (4611 turns).

CrazyMind the Chopper (Deep Dwarf Fighter)          Turns: 4611, Time: 00:34:07

Health: -2/62      AC: 11    Str: 21    XL:     7   Next: 48%
Magic:  8/8        EV:  7    Int:  9    God:    Makhleb [*.....]
Gold:   239        SH:  4    Dex: 12    Spells: 3/6 levels left

rFire   . . .      SeeInvis .   m - +2 hand axe (pain)
rCold   . . .      Faith    .   c - +0 buckler
rNeg    . . .      Spirit   .   n - +0 chain mail
rPois   +          Reflect  .   q - +1 hat
rElec   .          Harm     .   (no cloak)
rCorr   .          Rampage  .   (no gloves)
Will    +....                   d - +0 pair of boots
Stlth   ..........              (no amulet)
HPRegen 0.00/turn               s - ring of poison resistance
MPRegen 0.11/turn               (no ring)

@: no status effects
A: damage resistance, heal wounds, sense surroundings 1, no regeneration
a: Heal Wounds, Renounce Religion


You were on level 5 of the Dungeon.
You worshipped Makhleb.
Makhleb was aware of your devotion.
You visited 2 branches of the dungeon, and saw 6 of its levels.

You collected 239 gold pieces.

Inventory:

Hand Weapons
 a - a +0 war axe
 g - a +4 mace of freezing
 m - a +2 hand axe of pain (weapon)
Missiles
 f - 55 stones (quivered)
Armour
 c - a +0 buckler (worn)
 d - a +0 pair of boots (worn)
 n - a +0 chain mail (worn)
 q - a +1 hat (worn)
Jewellery
 e - an amulet of faith
 s - a ring of poison resistance (left hand)
Scrolls
 b - a scroll of acquirement {unknown}
 k - a scroll of identify
 l - 2 scrolls of blinking
 p - a scroll of noise {unknown}
 r - a scroll of enchant armour {unknown}
Potions
 i - 2 potions of curing
 j - 2 potions of attraction
 o - a potion of flight {unknown}
 t - a potion of magic {unknown}
 u - a potion of invisibility {unknown}


   Skills:
 + Level 3.3 Fighting
 * Level 6.7 Axes
 + Level 1.9 Throwing
 + Level 4.6 Armour
 + Level 0.5 Dodging
 + Level 3.7 Shields
 * Level 0.9 Necromancy
 * Level 3.7 Invocations


You had 3 spell levels left.
You knew the following spells:

 Your Spells              Type           Power      Damage    Failure   Level
a - Vampiric Draining     Necr           1%         2d6       100%        3

Your spell library contained the following spells:

 Spells                   Type           Power      Damage    Failure   Level
 Animate Skeleton         Necr           2%         N/A       97%         1
 Pain                     Necr           4%         1d4       97%         1
 Shock                    Conj/Air       0%         1d3       99%         1
 Ensorcelled Hibernation  Hex/Ice        0%         N/A       100%        2
 Spider Form              Tmut/Pois      0%         N/A       100%        3
 Swiftness                Air            0%         N/A       100%        3
 Airstrike                Air            0%         N/A       100%        4
 Anguish                  Hex/Necr       0%         N/A       100%        4


Dungeon Overview and Level Annotations

Branches:
Dungeon (5/15)             Temple (1/1) D:4

Altars:
Ashenzari
Cheibriados
Dithmenos
Elyvilon
Fedhas
Gozag
Hepliaklqana
Kikubaaqudgha
Makhleb
Nemelex Xobeh
Okawaru
Qazlal
Ru
Trog
Uskayaw
Vehumet
Wu Jian
Xom
Yredelemnul
Zin
The Shining One

Annotations:
D:4 Dowan, Duvessa
D:5 exclusion: ogre, Eustachio


Innate Abilities, Weirdness & Mutations

You are resistant to damage.
You can heal yourself by infusing magical energy.
You passively map a small area around you.
You do not regenerate.


Message History

Throw: 55 stones
Press: ? - help, Q - select action, (/) - cycle Shift-Dir - straight line, f/p - orc
Aim: an orc, wielding a +0 whip (almost dead, 57% to hit)
You throw a stone. The stone hits the orc.
You kill the orc!
Makhleb accepts your kill.
f - 55 stones (gained 1)
You see here a +0 whip.
Throw: 4 darts (poison)
Press: ? - help, Q - select action, (/) - cycle Shift-Dir - straight line, f - ogre
Aim: an ogre, wielding a +0 giant spiked club (wandering, hasn't noticed you, 73% to hit)
You throw a poisoned dart. The poisoned dart hits the ogre.
The ogre shouts!
You hear a shout!
Throw: 3 darts (poison)
Press: ? - help, Q - select action, (/) - cycle Shift-Dir - straight line, f/p - ogre
Aim: an ogre, wielding a +0 giant spiked club (73% to hit)
You throw a poisoned dart. The poisoned dart hits the ogre.
The ogre is poisoned.
Throw: 2 darts (poison)
Press: ? - help, Q - select action, (/) - cycle Shift-Dir - straight line, f/p - ogre
Aim: an ogre, wielding a +0 giant spiked club (lightly wounded, poisoned, 73% to hit)
You throw a poisoned dart. The poisoned dart hits the ogre.
The ogre is lightly wounded.
Throw: dart (poison)
Press: ? - help, Q - select action, (/) - cycle Shift-Dir - straight line, f/p - ogre
Aim: an ogre, wielding a +0 giant spiked club (lightly wounded, poisoned, 73% to hit)
You throw a poisoned dart. The poisoned dart hits the ogre.
The ogre looks even sicker.
The ogre is lightly wounded.
You barely miss the ogre.
The ogre is lightly wounded.
The ogre hits you with a +0 giant spiked club.
You hit the ogre.
The ogre writhes in agony.
The ogre is moderately wounded.
The ogre hits you with a +0 giant spiked club.
* * * LOW HITPOINT WARNING * * *
You fail to use your ability.
The ogre hits you with a +0 giant spiked club!
You die...

.....##...####.##...#............
......##..........###.........#..
....#....#.###.#### #........<#.#
.......#.#.(.#.# #...........#
...##....###(#.# #............
.....)....†....# #........#...
..#.....#.#...(### #............
..........###..(.####......!.#.#.
.###....#..###.O@.....###..#...##
.# ##...#.....(#.##.....#.###..##
.# #...##.##(.#.#...##...# #...#
.# #...##.@(..#....###...# #.#.#
.# #...####...##...# #...# #.#.#
.# ##### #....#..#####...# #.#.#
.# #....#.....##...# #.#.# *
#.#.....##..#...# #.#.# *
#.#.............# #.#.#


You could see Eustachio (wandering) and an ogre (very poisoned).

Vanquished Creatures
  An ice beast (D:5)
  A scorpion (D:4)
  4 wights
  A howler monkey (D:4)
  3 hounds (D:4)
  A jelly (D:4)
  Jessica (D:3)
  A centaur skeleton (D:4)
  Ijyb (D:5)
  An orc wizard (D:3)
  Robin (D:4)
  5 adders
  An adder skeleton (D:4)
  4 worms
  2 dart slugs
  11 orcs
  5 bats
  6 endoplasms
  4 giant cockroaches
  15 goblins
  5 hobgoblins
  2 jackals (D:3)
  2 kobolds
  6 quokkas
  4 ball pythons
  3 rats
91 creatures vanquished.

Notes
Turn   | Place    | Note
-------+----------+-------------------------------------------
     0 | D:1      | CrazyMind the Deep Dwarf Fighter began the quest for the
                  | Orb.
     0 | D:1      | Reached XP level 1. HP: 20/20 MP: 1/1
   294 | D:1      | Reached XP level 2. HP: 24/27 MP: 2/2
   897 | D:2      | Found a stormy altar of Qazlal.
  1264 | D:2      | Reached XP level 3. HP: 24/33 MP: 3/3
  1349 | D:2      | You fall into a shaft and drop 2 floors!
  1372 | D:4      | Reached skill level 3 in Axes
  1379 | D:4      | Reached XP level 4. HP: 31/42 MP: 4/4
  1383 | D:4      | Noticed Robin
  1435 | D:4      | Found a staircase to the Ecumenical Temple.
  1473 | Temple   | Entered the Ecumenical Temple
  1853 | Temple   | Became a worshipper of Makhleb the Destroyer
  1953 | D:3      | Reached skill level 4 in Axes
  2383 | D:3      | Reached skill level 1 in Throwing
  2383 | D:3      | Reached XP level 5. HP: 42/49 MP: 5/5
  2387 | D:3      | Found a faded altar of an unknown god.
  2627 | D:3      | Noticed Jessica
  2839 | D:3      | Reached skill level 1 in Invocations
  2842 | D:3      | Reached skill level 5 in Axes
  2845 | D:3      | Reached XP level 6. HP: 41/56 MP: 4/6
  2862 | D:3      | Killed Jessica
  2895 | D:4      | Noticed Duvessa
  2895 | D:4      | Noticed Dowan
  3162 | D:3      | Reached * piety under Makhleb
  3324 | D:5      | Entered Level 5 of the Dungeon
  3429 | D:4      | Reached skill level 6 in Axes
  3563 | D:4      | Killed Robin
  3667 | D:4      | Reached XP level 7. HP: 29/62 MP: 8/8
  4016 | D:5      | Noticed Eustachio
  4115 | D:5      | Learned a level 3 spell: Vampiric Draining
  4167 | D:5      | Noticed Ijyb
  4224 | D:5      | Killed Ijyb
  4611 | D:5      | Slain by an ogre

Illustrated notes

Levels and vault maps discovered:
D:1:      amcnicky_arrival_abandoned_market, layout_rooms
D:2:      layout_basic, basic_altar, serial_bayou_pond_d,
          minmay_misc_feat_more_columns
D:3:      layout_loops_ring, nicolae_ecumenical_oubliette,
          nicolae_figureground_sparkle, uniq_jessica
D:4:      minmay_angry_zag, layout_basic, minmay_temple_entry_offerings,
          uniq_robin, uniq_duvessa
D:5:      layout_rooms, uniq_eustachio, uniq_ijyb
Temple:   mainiacjoe_temple_trianglar_array

Skill      XL: |  1  2  3  4  5  6  7 |
---------------+----------------------+-----
Fighting       | 3 |  3.3
Axes           | 3 4 5 6 |  6.7
Armour         | 4 |  4.6
Throwing       | 1 |  1.9
Invocations    | 1 2 3 |  3.7
Dodging        | |  0.5
Shields        | |  3.7
Necromancy     | |  0.9

Action                   |  1- 3 |  4- 6 |  7- 9 || total
-------------------------+-------+-------+-------++-------
Melee: War axe           |    89 |   169 |    52 ||   310
       Hand axe          |       |       |    12 ||    12
Throw: Dart              |    20 |    20 |    16 ||    56
       Stone             |    15 |    47 |    35 ||    97
 Abil: Heal Wounds       |       |     5 |       ||     5
Evoke: Wand              |       |     1 |       ||     1
  Use: Scroll            |     2 |     6 |       ||     8
       Potion            |     1 |     4 |       ||     5
Armor: Scale mail        |    26 |       |       ||    26
       Chain mail        |    22 |    99 |    29 ||   150
Dodge: Dodged            |    46 |    56 |    28 ||   130
Block: Buckler           |    13 |    38 |    11 ||    62
